 Dungeon Crawl Stone Soup version 0.29.1-4-g47bece8355 (webtiles) character file.

Game seed: 4767065774076423276

25 CaptainMV the Gusty (level 2, 0/20 HPs)
             Began as a Draconian Air Elementalist on Dec 7, 2022.
             Slain by Sigmund
             ... wielding a +0 scythe
              (6 damage)
             ... on level 2 of the Dungeon.
             The game lasted 00:09:02 (586 turns).

CaptainMV the Gusty (Draconian Air Elementalist)     Turns: 586, Time: 00:09:02

Health: 0/20       AC:  4    Str: 10    XL:     2   Next: 86%
Magic:  2/5        EV: 12    Int: 15    God:
Gold:   129        SH:  0    Dex: 11    Spells: 5/6 levels left

rFire   . . .      SeeInvis .   i - +0 dagger (drain)
rCold   . . .      Faith    .   (no shield)
rNeg    . . .      Spirit   .   (body armour unavailable)
rPois   .          Reflect  .   (helmet restricted)
rElec   .          Harm     .   (no cloak)
rCorr   .          Rampage  .   (no gloves)
Will    .....                   (no boots)
Stlth   ++........              (no amulet)
HPRegen 0.06/turn               (no ring)
MPRegen 0.09/turn               (no ring)

@: no status effects
A: AC +4, unfitting armour, cold-blooded
a: no special abilities


You were on level 2 of the Dungeon.
You visited 1 branch of the dungeon, and saw 2 of its levels.

You collected 129 gold pieces.

Inventory:

Hand Weapons
 d - a +0 dagger
 i - a +0 dagger of draining (weapon)
Scrolls
 b - a scroll of fog {unknown}
 c - a scroll of enchant weapon {unknown}
 e - a scroll of fear {unknown}
 g - a scroll of blinking {unknown}
 h - a scroll of identify {unknown}
Potions
 a - a potion of magic
 f - a potion of might {unknown}


   Skills:
 + Level 0.1 Fighting
 + Level 0.1 Short Blades
 + Level 1.8 Dodging
 + Level 1.9 Stealth
 + Level 2.5 Spellcasting
 + Level 1.0 Conjurations
 + Level 3.5 Air Magic


You had 5 spell levels left.
You knew the following spells:

 Your Spells              Type           Power      Damage    Failure   Level
a - Shock                 Conj/Air       32%        1d5       9%          1

Your spell library contained the following spells:

 Spells                   Type           Power      Damage    Failure   Level
 Static Discharge         Conj/Air       8%         3-4/arc   12%         2
 Magic Dart               Conj           16%        1d3       14%         1
 Swiftness                Air            12%        N/A       14%         3
 Call Imp                 Summ           1%         N/A       32%         2
 Mephitic Cloud           Conj/Pois/Air  6%         N/A       32%         3
 Airstrike                Air            6%         2d(1-17)  43%         4


Dungeon Overview and Level Annotations

Branches:
Dungeon (2/15)

Altars:

Annotations:
D:2 Sigmund


Innate Abilities, Weirdness & Mutations

Your plain brown scales are hard. (AC +4)
You cannot fit into any form of body armour.
You are cold-blooded and may be slowed by cold attacks.


Message History

You tail-slap the worm, but do no damage.
The worm is severely wounded.
You hit the worm. You tail-slap the worm.
The worm is almost dead.
The worm bites you.
You hit the worm. You drain the worm.
You kill the worm!
You see here a dart slug corpse.
Sigmund the Dreaded comes into view.
He is wielding a +0 scythe.
Casting: Shock (safe; 9% risk of failure)
Confirm with . or Enter, or press ? or * to list all spells.
Aiming: Shock (safe; 9% risk of failure)
Press: ? - help, Shift-Dir - straight line, f - Sigmund
Aim: Sigmund, wielding a +0 scythe and wearing a +0 robe (wandering, hasn't noticed you, 64% to hit)
The zap hits Sigmund.
Sigmund is lightly wounded.
Sigmund shouts!
Sigmund casts a spell.
Sigmund flickers and vanishes!
Deactivating autopickup; reactivate with Ctrl-A.
You are confused.
You're too confused to move!
A hobgoblin comes into view.
Unknown command.
You're too confused to cast spells.
You bump into the rock wall.
The hobgoblin shouts!
Something hits you.
You bump into the rock wall.
You feel less confused. The quokka misses you.
Something hits you but does no damage.
You hit the quokka. You drain the quokka.
The quokka is almost dead.
The quokka misses you. Something hits you!
* * * LOW HITPOINT WARNING * * *
The quokka barely misses you.
You barely miss the hobgoblin. The quokka closely misses you.
The hobgoblin closely misses you.
You barely miss the hobgoblin. Something hits you.
You die...

#..... ########. .=...
#.. ###. $....
###..###..~ ......
#....>##.~~ #..... #.#
#.##..P #.....######
#.###.....# ...........#
#..........
.(.....g@..####...##..##.
........r...).†.......# .
#.............††.........
##.....................>.
#.#.#......##.#..####..<
#.......(....#.##.... ...
.....#######.#.#####.....
..... ...# . .... ##..


You could see a quokka (very drained) and a hobgoblin.

Vanquished Creatures
  A worm (D:2)
  3 dart slugs (D:2)
  A ball python (D:1)
  An endoplasm (D:1)
  A giant cockroach (D:1)
  5 goblins
  A bat (D:1)
  A frilled lizard (D:2)
  2 kobolds
16 creatures vanquished.

Vanquished Creatures (others)
  A plant (D:2)
1 creature vanquished.

Grand Total: 17 creatures vanquished

Notes
Turn   | Place    | Note
-------+----------+-------------------------------------------
     0 | D:1      | CaptainMV the Draconian Air Elementalist began the quest
                  | for the Orb.
     0 | D:1      | Reached XP level 1. HP: 14/14 MP: 3/3
   194 | D:1      | Found a faded altar of an unknown god.
   201 | D:1      | Reached XP level 2. HP: 14/20 MP: 1/5
   575 | D:2      | Noticed Sigmund
   586 | D:2      | Slain by Sigmund

Illustrated notes

Levels and vault maps discovered:
D:1:      noname_arrival_rooms_in_the_neighbourhood, layout_rooms,
          ebering_ecumenical_altar_webs, reono_crystal_passage
D:2:      layout_rooms, serial_bayou_pond_e, uniq_sigmund

Action                   || total
-------------------------++-------
Melee: Dagger            ||    44
       Tailslap          ||     8
 Cast: Shock             ||    16
 Stab: Sleeping          ||     1
Armor: Skin              ||     8
Dodge: Dodged            ||    28
